 Dungeon Crawl Stone Soup version 0.23-a0-639-ga9a3373214 (webtiles) character file.

40 HereIgoKillingAgain the Chopper (level 3, 0/31 HPs)
             Began as a Hill Orc Fighter on Dec 29, 2018.
             Slain by a jackal (1 damage)
             ... on level 2 of the Dungeon.
             The game lasted 00:00:49 (884 turns).

HereIgoKillingAgain the Chopper (Hill Orc Fighter)   Turns: 884, Time: 00:00:49

Health: 0/31       AC:  6    Str: 19    XL:     3   Next: 50%
Magic:  3/3        EV:  7    Int:  8    God:
Gold:   48         SH:  9    Dex: 10    Spells: 2/2 levels left

rFire    . . .     SeeInvis .   a - +0 war axe
rCold    . . .     Gourm    .   c - +0 shield
rNeg     . . .     Faith    .   b - +0 scale mail
rPois    .         Spirit   .   (no helmet)
rElec    .         Reflect  .   (no cloak)
rCorr    .         Harm     .   (no gloves)
MR       .....                  (no boots)
Stlth    ..........             (no amulet)
HPRegen  0.10/turn              (no ring)
MPRegen  0.08/turn              (no ring)

@: no status effects
A: no striking features
a: no special abilities


You were on level 2 of the Dungeon.
You were not hungry.

You visited 1 branch of the dungeon, and saw 2 of its levels.

You collected 48 gold pieces.

Inventory:

Hand Weapons
 a - a +0 war axe (weapon)
 k - a +0 trident of piercing
Armour
 b - a +0 scale mail (worn)
 c - a +0 shield (worn)
Scrolls
 e - 5 scrolls of identify {unknown}
 h - a scroll of amnesia {unknown}
 j - 2 scrolls of fear {unknown}
Potions
 d - a potion of might
 g - a potion of degeneration {unknown}
 i - a potion of agility {unknown}
Comestibles
 f - 2 rations


   Skills:
 - Level 3.6 Fighting
 + Level 5.1 Axes
 - Level 3.2 Armour
 - Level 3.2 Shields


You had 2 spell levels left.
You didn't know any spells.
Your spell library was empty.

Dungeon Overview and Level Annotations

Branches:
Dungeon (2/15)

Altars:


Message History

You kill the jackal!
Your shield prevents you from hitting the jackal.
The jackal barely misses you. You block the jackal's attack.
The jackal bites you but does no damage.
The jackal bites you.
* * * LOW HITPOINT WARNING * * *
You hit the jackal.
The jackal is almost dead.
You hit the jackal. You hit the jackal but do no damage.
The jackal closely misses you. You block the jackal's attack.
The jackal bites you but does no damage.
You block the jackal's attack. The jackal closely misses you.
The jackal bites you.
* * * LOW HITPOINT WARNING * * *
You slash the jackal!
You kill the jackal!
You closely miss the jackal. You hit the jackal.
You kill the jackal!
You block the jackal's attack. The jackal bites you.
You die...

#.#.#.....#
#.#.#.....#
#.#.#.....#
#.#.#.....######
..#.####.......#
..#.# #..†....# .##.#
##.....?.####### .#
#..........†.....# ..
#..........†@....#
#.#
#..........h†....# ..
#................#
#..#................#
###.....!........#
#.########....## #.
#.#### #.# ...


You could see a jackal.

Vanquished Creatures
  An adder (D:2)
  A dart slug (D:1)
  3 bats (D:1)
  3 goblins
  4 hobgoblins
  3 jackals (D:2)
  6 kobolds
  A ball python (D:1)
  2 frilled lizards (D:1)
  2 rats (D:1)
26 creatures vanquished.

Notes
Turn   | Place    | Note
-------+----------+-------------------------------------------
     0 | D:1      | HereIgoKillingAgain the Hill Orc Fighter began the quest
                  | for the Orb.
     0 | D:1      | Reached XP level 1. HP: 19/19 MP: 1/1
    33 | D:1      | Reached skill level 3 in Axes
   129 | D:1      | Reached XP level 2. HP: 19/26 MP: 2/2
   272 | D:1      | Reached skill level 4 in Axes
   805 | D:2      | Reached XP level 3. HP: 31/31 MP: 3/3
   842 | D:2      | Reached skill level 5 in Axes
   883 | D:2      | HP: 1/31 [jackal (2)]
   884 | D:2      | Slain by a jackal

Vault maps used:
D:1:      nzn_arrival_water_spiral, serial_bayou, serial_bayou_shore_a,
          serial_bayou_lake_a, serial_bayou_shore_b, serial_bayou_pond_b
D:2:      minmay_3d_cube

Skill      XL: |  1  2  3 |
---------------+----------+-----
Axes           | 3 4 5 |  5.1
Fighting       | |  3.6
Armour         | |  3.2
Shields        | |  3.2

Action                   || total
-------------------------++-------
Melee: War axe           ||    71
       Trident           ||     9
Armor: Scale mail        ||    44
Dodge: Dodged            ||    38
Block: Shield            ||    59

Table legend:
 A = Non-vault XP
 B = Vault XP
 C = Vault XP percentage of total XP
 D = Non-vault monster count
 E = Vault monster count
 F = Vault count percentage of total count
                 A         B        C        D         E       F
            +---------+---------+-------+---------+---------+-------
      Total |      58 |       0 |   0.0 |      26 |       0 |   0.0
            +---------+---------+-------+---------+---------+-------
        D:1 |      31 |       0 |   0.0 |      18 |       0 |   0.0
        D:2 |      27 |       0 |   0.0 |       8 |       0 |   0.0
            +---------+---------+-------+---------+---------+-------
